 Dungeon Crawl Stone Soup version 0.19-a0-607-g42021f0 (webtiles) character file.

17861 georgeearnest the Cleaver (level 12, -25/95 HPs)
             Began as a Hill Orc Fighter on June 12, 2016.
             Was a High Priest of Beogh.
             Killed from afar by a frost giant (27 damage)
             ... with a bolt of cold
             ... in an ice cave.
             The game lasted 00:30:20 (13217 turns).

georgeearnest the Cleaver (Hill Orc Fighter)       Turns: 13217, Time: 00:30:20

Health: -25/95     AC: 14    Str: 31    XL:     12   Next: 52%
Magic:  1/12       EV: 13    Int:  8    God:    Beogh [*****.]
Gold:   823        SH: 17    Dex: 12    Spells: 0 memorised, 11 levels left

rFire  + + .     SeeInvis .     a - +0 war axe
rCold  x . .     Gourm    .     i - +1 scale mail {MR+}
rNeg   . . .     Faith    .     c - +0 shield
rPois  .         Spirit   .     (helmet restricted)
rElec  .         Dismiss  .     n - +2 cloak
rCorr  .         Reflect  +     (no gloves)
SustAt .         Harm     .     (no boots)
MR     +....     Rnd*Rage +     E - +3 amulet of reflection
Stlth  +.........               Y - +5 ring of strength
                                M - ring of fire

@: somewhat resistant to hostile enchantments, very unstealthy
A: walk on water, beak, horns 1, talons 1, agile 1, berserk 2, blink, fire
resistance 1, frail 1, screaming 1, strong 1
a: Blink, Smiting, Recall Orcish Followers, Give Item to Named Follower,
Renounce Religion


You were in an ice cave.
You worshipped Beogh.
Beogh was extremely pleased with you.
You were not hungry.

You visited 1 branch of the dungeon, and saw 12 of its levels.
You also visited: Ossuary and Ice Cave.

You collected 823 gold pieces.

Inventory:

Hand Weapons
 a - a +0 war axe (weapon)
Missiles
 C - 3 throwing nets (quivered)
Armour
 c - a +0 shield (worn)
 i - a +1 scale mail of magic resistance (worn)
 n - a +2 cloak (worn)
 L - a +0 ring mail of poison resistance
Jewellery
 E - a +3 amulet of reflection (around neck)
 M - a ring of fire (left hand)
 Y - a +5 ring of strength (right hand)
Scrolls
 b - a scroll of immolation {unknown}
 h - 4 scrolls of teleportation
Potions
 d - 4 potions of might
 e - a potion of invisibility {unknown}
 j - 3 potions of agility
 q - 9 potions of curing
 t - 5 potions of lignification
 x - a potion of berserk rage
 z - 2 potions of haste
 V - a potion of resistance
Miscellaneous
 Z - a lamp of fire
Comestibles
 f - 2 bread rations
 g - 5 meat rations


   Skills:
 + Level 9.7 Fighting
 + Level 13.2 Axes
 + Level 9.1 Armour
 + Level 7.3 Dodging
 + Level 3.3 Stealth
 + Level 11.2 Shields
 + Level 1.1 Invocations


You had 11 spell levels left.
You didn't know any spells.

Dungeon Overview and Level Annotations

Branches:
Dungeon (12/15)            Temple (0/1) D:6            Lair (0/6) D:11
    Orc (0/2) D:10

Altars:
Fedhas
Pakellas
Qazlal
Trog
Vehumet


Innate Abilities, Weirdness & Mutations

You can walk on water.
You have a beak for a mouth.
You have a pair of small horns on your head.
You have sharp toenails.
You are agile. (Dex +2)
You often lose your temper in combat.
You can translocate small distances at will.
Your flesh is heat resistant. (rF+)
You are frail. (-10% HP)
You occasionally shout uncontrollably at your foes.
Your muscles are strong. (Str +2)


Message History

Smite: a frost giant, wielding a battleaxe of freezing (severely wounded)
You smite the frost giant!
The frost giant is severely wounded.
You don't have enough magic at the moment.
Unknown command.
You hit the frost giant but do no damage.
You peck the frost giant, but do no damage.
The frost giant is severely wounded.
You barely miss the frost giant. Your kick misses the frost giant.
You peck the frost giant, but do no damage.
The frost giant is severely wounded.
The frost giant gestures at you while chanting.
The bolt of cold hits you!
You feel a terrible chill!
Ouch! That really hurt!
* * * LOW HITPOINT WARNING * * *
Okay, then.
Okay, then.
The frost giant gestures at you while chanting.
The bolt of cold hits you!
You feel a terrible chill!
You die...

##.# ##.#
#...# ##.#
##..# #...#
#.## #..##
##..## #.#
#..# #####..#
#..#
##.####..###.#
##..###..#
#.⌠###..#
#...#..##
#...##.##
#.....#
#..#...#
#.((.##
##@#..##
##..##
##.##### #.(#
#C##Y## ##.#
##.#)h# .##
##.#..h...# #
#.#hh..#$}
####h..# #.##
##


You could see a frost giant.

Vanquished Creatures
  A hill giant (D:11)
  An ugly thing (D:11)
  An oklob plant (D:11)
  A manticore (D:12)
  An ice statue (IceCv)
  A gargoyle (D:10)
  10 polar bears
  A two-headed ogre (D:9)
  A centaur simulacrum (D:12)
  A water elemental (D:11)
  16 yaks
  A human (D:7)
  A soldier ant (D:12)
  Menkaure (D:7)
  A water moccasin (D:12)
  2 ice beasts
  3 sky beasts
  A black bear (D:10)
  A phantom (D:4)
  5 necrophages
  16 wolves
  An orc warrior (D:9)
  The ghost of Kilingo the Insei, an amateur MfTm (D:3)
  An ogre (D:4)
  4 centaurs
  2 big kobolds
  4 giant frogs
  4 elf zombies
  2 elf skeletons (D:4)
  A scorpion (D:6)
  A water moccasin zombie (D:9)
  A wyvern skeleton (D:6)
  2 killer bees (D:9)
  3 electric eels (D:11)
  A howler monkey (D:8)
  3 crimson imps
  2 giant frog zombies
  A quasit (D:10)
  3 hounds
  3 orc priests
  2 jellies
  10 orc wizards
  2 giant frog skeletons
  A human zombie (D:4)
  2 gnoll shamans
  An iguana (D:10)
  A human skeleton (D:4)
  3 worker ants
  A sheep (D:7)
  A big kobold zombie (Ossuary)
  A hound zombie (D:5)
  A hound skeleton (D:5)
  2 mummies (Ossuary)
  A worker ant zombie (D:10)
  A howler monkey skeleton (D:6)
  13 gnolls
  9 adders
  A shadow imp (D:8)
  8 white imps (D:12)
  An ooze (D:1)
  An adder zombie (D:9)
  An adder skeleton (D:9)
  A worm (D:3)
  3 dart slugs
  4 giant geckos
  36 orcs
  3 giant cockroaches
  10 goblins
  13 hobgoblins
  5 jackals
  4 quokkas
  3 ball pythons
  9 bats
  2 giant newts
  4 goblin zombies (Ossuary)
  7 hobgoblin zombies (Ossuary)
  2 jackal zombies (Ossuary)
  15 kobolds
  8 kobold zombies (Ossuary)
  5 orc skeletons (D:4)
  12 orc zombies (Ossuary)
  8 rats
  2 bushes
  A plant (D:9)
328 creatures vanquished.

Vanquished Creatures (collateral kills)
  A death yak (IceCv)
  The ghost of Barrydekale the Cruncher, a novice GrGl of Ashenzari (D:8)
  A hill giant (D:10)
  An ugly thing (D:12)
  Maurice (D:8)
  A kobold demonologist (D:11)
  A rime drake (IceCv)
  3 polar bears (IceCv)
  A wyvern (D:7)
  7 yaks
  A hungry ghost (D:10)
  2 orc warriors (D:10)
  An ice beast (D:6)
  A necrophage (D:9)
  2 sky beasts (D:10)
  A wasp (D:12)
  A phantom (D:8)
  An ogre (D:9)
  A wolf (IceCv)
  A centaur (D:6)
  An electric eel (D:12)
  A big kobold (D:9)
  3 giant frogs
  3 scorpions
  2 killer bees (D:9)
  A crimson imp (D:8)
  A giant frog zombie (D:8)
  2 orc priests (D:10)
  2 hounds (D:8)
  2 sheep (D:7)
  A worker ant zombie (D:9)
  4 gnolls (D:9)
  4 white imps (D:12)
  An ufetubus (D:12)
  An adder skeleton (D:8)
  A giant gecko (D:6)
  2 orcs
  2 quokkas
  A kobold (D:6)
  8 bushes
  9 plants
82 creatures vanquished.

Vanquished Creatures (others)
  An orc knight (IceCv)
  A rime drake (IceCv)
  3 orc priests
  A scorpion (D:4)
  15 orcs
21 creatures vanquished.

Grand Total: 431 creatures vanquished

Notes
Turn   | Place    | Note
--------------------------------------------------------------
     0 | D:1      | georgeearnest the Hill Orc Fighter began the quest for the Orb.
     0 | D:1      | Reached XP level 1. HP: 19/19 MP: 1/1
   105 | D:1      | Reached XP level 2. HP: 20/27 MP: 2/2
   523 | D:1      | Reached skill level 3 in Axes
   523 | D:1      | Reached XP level 3. HP: 29/33 MP: 3/3
  1162 | D:2      | Reached XP level 4. HP: 40/40 MP: 4/4
  1561 | D:3      | Found an oddly glowing altar of Pakellas.
  1580 | D:3      | Noticed Kilingo's ghost (amateur MfTm)
  1599 | D:3      | Killed Kilingo's ghost
  1599 | D:3      | Reached skill level 4 in Axes
  1599 | D:3      | Reached skill level 1 in Dodging
  1599 | D:3      | Reached XP level 5. HP: 37/46 MP: 5/5
  2711 | D:4      | Reached XP level 6. HP: 40/52 MP: 6/6
  2752 | D:4      | Became a worshipper of Beogh the Brigand
  2960 | D:4      | Reached skill level 5 in Axes
  2960 | D:4      | Reached skill level 5 in Armour
  2960 | D:4      | Reached skill level 5 in Shields
  2972 | D:4      | Found a sand-covered staircase.
  2981 | D:4      | Reached XP level 7. HP: 49/60 MP: 7/7
  2987 | Ossuary  | Entered an ossuary
  3069 | Ossuary  | Reached * piety under Beogh
  3310 | D:4      | Reached skill level 6 in Axes
  3321 | D:4      | Reached skill level 5 in Fighting
  3351 | D:4      | Reached ** piety under Beogh
  3371 | D:4      | Reached XP level 8. HP: 65/68 MP: 8/8
  3507 | D:4      | Found a stormy altar of Qazlal.
  3768 | D:4      | Reached skill level 7 in Axes
  3899 | D:5      | Entered Level 5 of the Dungeon
  5135 | D:6      | Reached XP level 9. HP: 75/75 MP: 9/9
  5149 | D:6      | Reached *** piety under Beogh
  5198 | D:6      | Reached skill level 8 in Axes
  5231 | D:6      | Found a staircase to the Ecumenical Temple.
  5482 | D:6      | Gained mutation: You have a pair of small horns on your head. [mutagenic meat]
  5483 | D:6      | Gained mutation: You tend to lose your temper in combat. [mutagenic meat]
  5484 | D:6      | Gained mutation: You are surrounded by a mild repulsion field. (EV +2) [mutagenic meat]
  5485 | D:6      | Gained mutation: Armour fits poorly on your strangely shaped body. [mutagenic meat]
  5486 | D:6      | Gained mutation: Your muscles are strong. (Str +2) [mutagenic meat]
  5487 | D:6      | Gained mutation: You have a beak for a mouth. [mutagenic meat]
  6414 | D:7      | Noticed Menkaure
  6421 | D:7      | Killed Menkaure
  6421 | D:7      | Reached skill level 9 in Axes
  6673 | D:7      | Found a radiant altar of Vehumet.
  6738 | D:7      | Found a bloodstained altar of Trog.
  7522 | D:8      | Noticed Maurice
  7530 | D:8      | Killed Maurice
  7530 | D:8      | Reached skill level 1 in Stealth
  7530 | D:8      | Reached XP level 10. HP: 86/86 MP: 10/10
  7617 | D:8      | Noticed Barrydekale's ghost (novice GrGl)
  7632 | D:8      | Killed Barrydekale's ghost
  7685 | D:8      | Reached **** piety under Beogh
  7965 | D:8      | Reached skill level 10 in Axes
  8528 | D:9      | Reached skill level 1 in Invocations
  8724 | D:9      | Lost mutation: Your muscles are strong. (Str +2) [mutagenic meat]
  8727 | D:9      | Gained mutation: You are frail. (-10% HP) [mutagenic meat]
  8729 | D:9      | Lost mutation: Armour fits poorly on your strangely shaped body. [mutagenic meat]
  8915 | D:9      | Reached skill level 5 in Dodging
  8988 | D:9      | Found a blossoming altar of Fedhas.
  9537 | D:9      | Reached ***** piety under Beogh
  9632 | D:10     | Entered Level 10 of the Dungeon
  9842 | D:10     | Gained mutation: Your muscles are strong. (Str +2) [mutagenic meat]
  9843 | D:10     | Gained mutation: Your flesh is heat resistant. (rF+) [mutagenic meat]
  9844 | D:10     | Gained mutation: You have a somewhat thin skeletal structure. (Dex +2, Stealth) [mutagenic meat]
  9937 | D:10     | Noticed a gargoyle
  9944 | D:10     | Killed a gargoyle
 10067 | D:10     | Found a staircase to the Orcish Mines.
 10075 | D:10     | Reached skill level 11 in Axes
 10100 | D:10     | Noticed a hill giant
 10106 | D:10     | Killed a hill giant
 10106 | D:10     | Reached XP level 11. HP: 84/84 MP: 11/11
 10426 | D:11     | Found a staircase to the Lair.
 10430 | D:11     | Noticed a hill giant
 10437 | D:11     | Killed a hill giant
 10583 | D:11     | Noticed an oklob plant
 10604 | D:11     | Killed an oklob plant
 11116 | D:11     | Noticed a green ugly thing
 11126 | D:11     | Killed a green ugly thing
 11130 | D:11     | Gained mutation: You are agile. (Dex +2) [mutagenic meat]
 11131 | D:11     | Gained mutation: You occasionally shout uncontrollably at your foes. [mutagenic meat]
 11132 | D:11     | Lost mutation: You are surrounded by a mild repulsion field. (EV +2) [mutagenic meat]
 11177 | D:11     | Reached skill level 12 in Axes
 11358 | D:11     | Gained mutation: You have sharp toenails. [potion of beneficial mutation]
 11427 | D:12     | Noticed a cyan ugly thing
 11435 | D:12     | Killed a cyan ugly thing
 11439 | D:12     | Lost mutation: You have a somewhat thin skeletal structure. (Dex +2, Stealth) [mutagenic meat]
 11440 | D:12     | Gained mutation: You often lose your temper in combat. [mutagenic meat]
 11441 | D:12     | Gained mutation: You can translocate small distances at will. [mutagenic meat]
 11630 | D:12     | Reached skill level 10 in Shields
 11660 | D:12     | Found a frozen archway.
 11678 | D:12     | Noticed a manticore
 11689 | D:12     | Killed a manticore
 11828 | IceCv    | Entered an ice cave
 12050 | IceCv    | Reached XP level 12. HP: 79/93 MP: 12/12
 12353 | IceCv    | Gained Wargrak as an ally
 12353 | IceCv    | Reached skill level 13 in Axes
 12385 | IceCv    | Reached ****** piety under Beogh
 12883 | IceCv    | Noticed a death yak
 12913 | IceCv    | Killed a death yak
 13201 | IceCv    | Noticed a frost giant
 13210 | IceCv    | Your ally Wargrak died
 13213 | IceCv    | HP: 1/95 [frost giant/bolt of cold (61)]
 13217 | IceCv    | Killed from afar by a frost giant

Vault maps used:
D:1:      nicolae_arrival_somewhat_less_tricky_arrival
D:2:      first_bread
D:3:      grunt_pakellas_sulfur
D:4:      nicolae_overflow_hidden_temple, lemuel_round_altar,
          nicolae_ossuary_entry_catacombs
D:6:      temple_green, lexackson_kobold_supper
D:7:      old_standard_altar, grunt_livestock, lemuel_statue_altar,
          uniq_menkaure
D:8:      serial_corexii_hall, corexii_hall_statues_deadend,
          corexii_hall_statues_l, uniq_maurice
D:9:      fedhas_altar_decomposition
D:10:     david_orc_3
D:11:     dpeg_oklobed_lair, serial_bayou, serial_bayou_lagoon_a,
          serial_bayou_pond_d, serial_bayou_crossing, serial_bayou_ford_a,
          uniq_maud
D:12:     serial_shops, nicolae_shop_stone, basic_altar, serial_ice,
          serial_ice_k, serial_ice_d, serial_ice_h, serial_ice_e,
          portal_ice_cave_entry_imps
Ossuary:  ossuary_tomb_1
IceCv:    ice_cave_caverns_01

Skill      XL: |  1  2  3  4  5  6  7  8  9 10 11 12 |
---------------+-------------------------------------+-----
Axes           | 3 4 5 6 7 9 11 12 13 | 13.2
Armour         | 4 5 6 7 8 9 |  9.1
Shields        | 4 5 6 8 9 10 11 | 11.2
Fighting       | 4 5 7 8 9 |  9.7
Dodging        | 1 2 3 4 5 6 7 |  7.3
Stealth        | 1 3 |  3.3
Invocations    | 1 |  1.1

Action                   |  1- 3 |  4- 6 |  7- 9 | 10-12 || total
-------------------------+-------+-------+-------+-------++-------
Melee: War axe           |    90 |   222 |   494 |   466 ||  1272
       Headbutt          |       |       |    31 |   131 ||   162
       Peck              |       |       |    24 |   118 ||   142
       Kick              |       |       |       |    94 ||    94
Invok: Convert to Beogh  |       |     1 |       |       ||     1
       Recall Orcish Fol |       |       |       |     2 ||     2
       Smiting           |       |       |       |     4 ||     4
       Give Item to Name |       |       |       |     1 ||     1
 Abil: Blink             |       |       |       |     1 ||     1
  Use: Potion            |       |     1 |     1 |     2 ||     4
       Scroll            |       |       |       |    11 ||    11
 Stab: Distracted        |       |       |       |     5 ||     5
       Sleeping          |       |       |       |     1 ||     1
  Eat: Bread ration      |     1 |     1 |     4 |     5 ||    11
       Chunk             |       |       |     6 |    17 ||    23
Armor: Scale mail        |    57 |    93 |   153 |    10 ||   313
       Ring mail         |       |       |     2 |    82 ||    84
Dodge: Dodged            |    35 |    63 |   122 |   146 ||   366
Block: Shield            |    58 |   114 |   241 |   358 ||   771
       Reflection        |       |       |     4 |     6 ||    10
